Description

  • 17 gas
  • 17 pool
  • 17 or 18 hatch
  • 18 queen + pair of lings
  • 21 overlord
  • @100 gas - ling speed
  • @50 gas bane nest
  • build 2nd queen from main base, first queen injects and walks to natural

  • first 2 lings check for sneaky lings from a 13/12 then go hide on enemies side of the map hiding from and tricking the enemy by paying attention to overlord vision

  • big wave of lings with first inject
  • go attack and drone behind it
  • build 4 lings to stay at home as you attack so you can morph defensive banes to stop the counter

VOD

https://www.youtube.com/watch?v=Yag-Q5y-9yU

Replay - ZvZ Gas-Pool-Hatch 19 Drone Lingbane Pressure

Build Order

Get SALT Encoding   

  12  0:01  Drone  
  13  0:13  Overlord  
  13  0:17  Drone  
  14  0:31  Drone x2  
  16  0:39  Drone  
  17  0:44  Extractor  
  17  0:47  Drone  
  17  0:50  Spawning Pool  
  17  0:56  Drone  
  17  1:07  Drone  
  18  1:18  Hatchery  
  17  1:24  Drone  
  18  1:37  Queen  
  18  1:38  Zergling x2  
  21  1:49  Overlord  
  21  1:50  Metabolic Boost  
  21  1:55  Drone  
  22  2:14  Queen  
  24  2:21  Baneling Nest  
  24  2:27  Zergling x6  
  27  2:37  Zergling x2  
  28  2:46  Zergling x10  
  33  2:58  Overlord  
  34  3:05  Baneling x2  
  37  4:01  Spine Crawler  
  40  4:03  Queen  
  40  4:07  Baneling x4  
  44  4:20  Baneling x2  
  44  4:24  Overlord x2  
  43  4:34  Baneling x2  
  45  5:13  Hatchery  
  51  5:23  Extractor  
  51  5:25  Roach Warren  
  50  6:08  Roach x5  
  60  6:14  Evolution Chamber  
  60  6:23  Roach  
  68  6:47  Extractor  
  68  6:49  Lair  
  70  7:01  Roach x4  
  78  7:03  Extractor  
  90  7:36  Ravager x2  
  125  8:14  Extractor  
Spawning Tool Build Advisor. Get it on Overwolf

Go to:

Details

  • Created by: PiG      
  • Published on: Jun 06, 2017
  • Modified on: Jun 06, 2017
  • Patch: 3.8.0
Show
View Real Time Build Order
Export as new Build Order

Comments (0)

There are no comments. Be the first!

Create an account to comment!